 Dungeon Crawl Stone Soup version 0.28.0-53-g5a82cb258f (webtiles) character file.

Game seed: 7552603159442309163

1598 safid the Cleaver (level 8, -2/66 HPs)
             Began as a Hill Orc Fighter on Aug 14, 2022.
             Slain by an ogre
             ... wielding a +0 giant club
              (18 damage)
             ... on level 6 of the Dungeon.
             The game lasted 00:06:58 (6164 turns).

safid the Cleaver (Hill Orc Fighter)                Turns: 6164, Time: 00:06:59

Health: -2/66      AC: 11    Str: 27    XL:     8   Next: 93%
Magic:  0/8        EV:  8    Int:  8    God:
Gold:   52         SH:  4    Dex: 10    Spells: 7/7 levels left

rFire   . . .      SeeInvis .   a - +0 war axe
rCold   . . .      Faith    .   c - +0 buckler
rNeg    . . .      Spirit   +   u - +0 chain mail
rPois   .          Reflect  .   o - +0 helmet
rElec   .          Harm     .   (no cloak)
rCorr   .          Rampage  .   y - +0 pair of gloves {hurl}
Will    .....                   (no boots)
Stlth   ..........              x - amulet of guardian spirit
HPRegen 0.21/turn               j - +6 ring of strength
MPRegen 0.11/turn               (no ring)

@: no status effects
A: no striking features
a: no special abilities


You were on level 6 of the Dungeon.
You visited 1 branch of the dungeon, and saw 6 of its levels.

You collected 269 gold pieces.
You spent 217 gold pieces at shops.

Inventory:

Hand Weapons
 a - a +0 war axe (weapon)
Missiles
 w - 15 poisoned darts (quivered)
Armour
 c - a +0 buckler (worn)
 o - a +0 helmet (worn)
 r - a +0 pair of gloves
 u - a +0 chain mail (worn)
 y - a +0 pair of gloves of hurling (worn)
Jewellery
 j - a +6 ring of strength (left hand)
 x - an amulet of guardian spirit (around neck)
Scrolls
 b - a scroll of fear {unknown}
 e - 2 scrolls of teleportation {unknown}
 k - 2 scrolls of blinking
 n - 2 scrolls of immolation
 q - a scroll of summoning {unknown}
 s - a scroll of fog {unknown}
 B - a scroll of identify
Potions
 d - 2 potions of might
 f - 2 potions of magic {unknown}
 g - a potion of invisibility {unknown}
 h - 2 potions of brilliance {unknown}
 i - 5 potions of curing
 l - a potion of ambrosia {unknown}
 m - 2 potions of lignification
 p - a potion of resistance {unknown}
 t - a potion of heal wounds {unknown}
 v - 3 potions of haste {unknown}
 z - a potion of berserk rage {unknown}
 A - 2 potions of flight


   Skills:
 - Level 4.0 Fighting
 + Level 13.6 Axes
 - Level 4.0 Armour
 - Level 4.0 Shields


You had 7 spell levels left.
You didn't know any spells.
Your spell library contained the following spells:

 Spells                   Type           Power      Damage    Failure   Level
 Magic Dart               Conj           0%         1d3       97%         1
 Sandblast                Erth           0%         2d4       97%         1
 Summon Small Mammal      Summ           0%         N/A       97%         1
 Blink                    Tloc           0%         N/A       99%         2
 Call Imp                 Summ           0%         N/A       99%         2
 Passwall                 Tmut/Erth      0%         N/A       99%         2
 Call Canine Familiar     Summ           0%         N/A       100%        3
 Gell's Gravitas          Tloc           0%         N/A       100%        3
 Inner Flame              Hex/Fire       0%         N/A       100%        3
 Lesser Beckoning         Tloc           0%         N/A       100%        3
 Mephitic Cloud           Conj/Pois/Air  0%         N/A       100%        3
 Stone Arrow              Conj/Erth      0%         3d7       100%        3
 Summon Guardian Golem    Hex/Summ       0%         N/A       100%        3
 Teleport Other           Tloc           0%         N/A       100%        3
 Cause Fear               Hex            0%         N/A       100%        4
 Manifold Assault         Tloc           0%         N/A       100%        5
 Dispersal                Tloc           0%         N/A       100%        6
 Discord                  Hex            0%         N/A       100%        8
 Chain Lightning          Conj/Air       0%         N/A       100%        9
 Fire Storm               Conj/Fire      0%         5d1       100%        9
 Shatter                  Erth           0%         3d5*      100%        9


Dungeon Overview and Level Annotations

Branches:
Dungeon (6/15)             Temple (0/1) D:5

Altars:
Fedhas
Qazlal

Shops:
D:5 [**


Message History

No target in view!
No target in view!
No target in view!
No target in view!
No target in view!
No target in view!
No target in view!
No target in view!
Things that are here:
a +0 dagger; a +0 robe
B - a scroll of identify
i - 5 potions of curing (gained 1)
An ogre comes into view. It is wielding a +0 giant club.
The ogre shouts!
The ogre hits you with a +0 giant club!
You barely miss the ogre.
The ogre hits you with a +0 giant club!!
You slash the ogre!
The ogre is heavily wounded.
You slash the ogre!
The ogre is severely wounded.
The ogre hits you with a +0 giant club!!
* * * LOW HITPOINT WARNING * * *
You are too injured to fight recklessly!
You are too injured to fight recklessly!
You are too injured to fight recklessly!
You are too injured to fight recklessly!
You are too injured to fight recklessly!
You are too injured to fight recklessly!
You are too injured to fight recklessly!
You are too injured to fight recklessly!
You are too injured to fight recklessly!
You are too injured to fight recklessly!
You are too injured to fight recklessly!
You are too injured to fight recklessly!
You are too injured to fight recklessly!
You are too injured to fight recklessly!
You see here a +0 war axe.
The ogre hits you with a +0 giant club!!
You die...

##...#...#.....#
##......>....####
####............#
#...............)#
#..###......>.....### #
##.............#
##...#...#......
######O######.. #@# .. #.#
.# #.# .# .## . ##.# ..
..###. ###..# .# #.#..
##...## #.# #.#.# ###..###
##..# #.#.##
##.#...#######..# ##.....
#.......<....#.######..)###


You could see an ogre.

Vanquished Creatures
  A water moccasin (D:5)
  An ice beast (D:5)
  2 black bears (D:4)
  A necrophage (D:6)
  3 ogres
  A centaur (D:6)
  A wyvern zombie (D:5)
  A scorpion (D:5)
  2 bullfrog zombies (D:5)
  A jelly (D:6)
  5 hounds
  Terence (D:3)
  2 orc wizards
  2 iguanas
  2 hound skeletons (D:4)
  Robin (D:3)
  7 gnolls (D:3)
  9 adders
  An ufetubus (D:6)
  3 dart slugs
  7 orcs
  23 ball pythons
  5 endoplasms
  5 giant cockroaches
  15 goblins
  4 hobgoblins
  3 jackals (D:2)
  5 kobolds
  4 quokkas
  7 bats
  7 frilled lizards
  A jackal skeleton (D:4)
  3 rats
136 creatures vanquished.

Vanquished Creatures (others)
  A fungus (D:1)
1 creature vanquished.

Grand Total: 137 creatures vanquished

Notes
Turn   | Place    | Note
-------+----------+-------------------------------------------
     0 | D:1      | safid the Hill Orc Fighter began the quest for the Orb.
     0 | D:1      | Reached XP level 1. HP: 19/19 MP: 1/1
   144 | D:1      | Reached XP level 2. HP: 27/27 MP: 2/2
   147 | D:1      | Reached skill level 3 in Axes
   658 | D:1      | Reached XP level 3. HP: 30/33 MP: 3/3
   683 | D:1      | Found a faded altar of an unknown god.
  1502 | D:2      | Reached XP level 4. HP: 29/40 MP: 4/4
  1613 | D:2      | Found a blossoming altar of Fedhas.
  1644 | D:2      | Reached skill level 4 in Axes
  2085 | D:3      | Noticed Robin
  2087 | D:3      | Killed Robin
  2194 | D:3      | Noticed Terence
  2197 | D:3      | Killed Terence
  2198 | D:3      | Reached skill level 5 in Axes
  2198 | D:3      | Reached XP level 5. HP: 46/46 MP: 5/5
  2572 | D:3      | Reached skill level 6 in Axes
  3091 | D:4      | Found a stormy altar of Qazlal.
  3119 | D:4      | Noticed an ogre
  3123 | D:4      | Reached XP level 6. HP: 50/52 MP: 6/6
  3131 | D:4      | Reached skill level 7 in Axes
  3147 | D:4      | Reached skill level 8 in Axes
  3433 | D:4      | Noticed a black bear
  3443 | D:4      | Killed a black bear
  3444 | D:4      | Reached XP level 7. HP: 35/59 MP: 7/7
  3449 | D:4      | Reached skill level 9 in Axes
  4156 | D:5      | Entered Level 5 of the Dungeon
  4481 | D:4      | Reached skill level 10 in Axes
  4878 | D:5      | Reached XP level 8. HP: 66/66 MP: 8/8
  4945 | D:5      | Reached skill level 11 in Axes
  5093 | D:5      | Reached skill level 12 in Axes
  5388 | D:5      | Found a staircase to the Ecumenical Temple.
  5453 | D:5      | Found Onyb's Specific Store.
  5455 | D:5      | Found Zihoac's General Store.
  5459 | D:5      | Bought a potion of curing for 39 gold pieces
  5459 | D:5      | Bought a scroll of noise for 13 gold pieces
  5478 | D:5      | Found Zuodded's Antique Armour Emporium.
  5487 | D:5      | Bought a pair of runed gloves for 165 gold pieces
  5839 | D:6      | Reached skill level 13 in Axes
  6164 | D:6      | Slain by an ogre

Illustrated notes

Levels and vault maps discovered:
D:1:      psy_arrival_dodecagon, layout_basic, dreamdust_ecumenical_altar_grove
D:2:      kennysheep_big_flooded_room, layout_basic, basic_altar,
          chequers_serial_rivers_micro_e, minmay_splitting_lines,
          minmay_misc_feat_five, minmay_indecisive_spiral
D:3:      layout_loops_cross, grunt_decor_cap, uniq_robin, uniq_terence
D:4:      layout_cave_pools, nicolae_qazlal_general_emergency,
          hangedman_decor_slide_cut, minmay_snake_closets
D:5:      layout_cave_pods, minmay_temple_entry_junction, serial_shops,
          nicolae_square_shop, nicolae_specific_store
D:6:      layout_rooms, biasface_ghost_orc_armoury, uniq_blork_the_orc

Skill      XL: |  1  2  3  4  5  6  7  8 |
---------------+-------------------------+-----
Axes           | 3 5 6 8 10 13 | 13.6
Fighting       | 4 |  4.0
Armour         | 4 |  4.0
Shields        | 4 |  4.0

Action                   |  1- 3 |  4- 6 |  7- 9 || total
-------------------------+-------+-------+-------++-------
Melee: War axe           |   126 |   131 |   149 ||   406
  Use: Scroll            |       |       |     4 ||     4
       Potion            |       |       |     2 ||     2
Armor: Scale mail        |    49 |    39 |       ||    88
       Chain mail        |       |    43 |   101 ||   144
Dodge: Dodged            |    70 |    64 |    73 ||   207
Block: Buckler           |    27 |    37 |    52 ||   116
